 Dungeon Crawl Stone Soup version 0.17.0 (webtiles) character file.

554927 HungrySpirit the Executioner (level 24, -19/232 HPs)
             Began as a Minotaur Gladiator on Nov 7, 2015.
             Was a High Priest of the Shining One.
             Demolished by a titan (27 damage)
             ... created by the fury of Okawaru
             ... on level 3 of the Crypt.
             The game lasted 02:13:43 (69545 turns).

HungrySpirit the Executioner (Minotaur Gladiator)  Turns: 69545, Time: 02:13:43

Health: -19/232    AC: 46    Str: 29      XL:     24   Next: 58%
Magic:  11/43      EV: 18    Int:  5      God:    the Shining One [*****.]
Gold:   3724       SH:  0    Dex: 16 (19) Spells: 0 memorised, 23 levels left

rFire  + + .     SeeInvis .     v - +7 executioner's axe (chop)
rCold  + . .     Clarity  .     n - +8 gold dragon armour
rNeg   + + .     SustAt   .     (shield currently unavailable)
rPois  +         Gourm    .     d - +2 hat
rElec  +         Spirit   .     r - +1 cloak of the Hanged Man {*Drain +Blink MR+ Dex+5}
rCorr  .         Warding  .     N - +5 pair of gloves "Fyob" {rElec}
rMut   +         Stasis   .     b - +1 pair of boots {run}
MR     +++..                    u - amulet of the Establishment {rMut rElec MP+9 Str-2 Slay+3}
Stlth  ..........               t - ring of protection from magic
                                a - ring of protection from fire

@: lethally poisoned (-19 -> -25), glowing, drained, quick, extremely resistant
to hostile enchantments, extremely unstealthy
A: retaliatory headbutt, horns 2, blurry vision 1, mutation resistance 1, strong
1
a: Divine Shield, Cleansing Flame, Summon Divine Warrior, Renounce Religion,
Evoke Blink
}: 4/15 runes: decaying, serpentine, slimy, silver


You were on level 3 of the Crypt.
You worshipped the Shining One.
The Shining One was extremely pleased with you.
You were not hungry.

You visited 10 branches of the dungeon, and saw 53 of its levels.
You visited the Abyss 1 time.
You also visited: Ossuary, Volcano and Wizlab.

You collected 7482 gold pieces.
You spent 3758 gold pieces at shops.

Inventory:

Hand Weapons
 v - a +7 executioner's axe of chopping (weapon)
 X - the +7 battleaxe "Lidumado" {flame, Str+5}
   (Okawaru gifted it to you on level 4 of the Lair of Beasts)

   It has been specially enchanted to burn those struck by it, causing extra
   injury to most foes and up to half again as much damage against particularly
   susceptible opponents.
   Big, fiery blades are also staple armaments of hydra-hunters.
   It affects your strength (+5).
Armour
 b - a +1 pair of boots of running (worn)
 d - a +2 hat (worn)
 n - a +8 gold dragon armour (worn)
 r - the +1 cloak of the Hanged Man (worn) {*Drain +Blink MR+ Dex+5}
   (You found it in a wizard's laboratory)

   It affects your dexterity (+5).
   It affects your resistance to hostile enchantments.
   It lets you blink.
   It causes draining when unequipped.
 N - the +5 pair of gloves "Fyob" (worn) {rElec}
   (You acquired it on level 6 of the Pits of Slime)

   It insulates you from electricity.
 U - the +2 pair of boots "Segesuon" {MR+ MP+9 SInv}
   (You found it on level 13 of the Dungeon)

   It affects your resistance to hostile enchantments.
   It affects your magic capacity (+9).
   It lets you see invisible.
 V - the +2 cloak of the Country {rN+ rCorr Dex-4}
   (You found it in a wizard's laboratory)

   It affects your dexterity (-4).
   It protects you from negative energy.
   It protects you from acid and corrosion.
Jewellery
 a - a ring of protection from fire (left hand)
 c - an uncursed ring of flight
 f - the macabre finger necklace {Ward rN+}
   (You found it on level 6 of the Dungeon)

   [amulet of warding]

   It may prevent the melee attacks of summoned creatures.
   It protects you from negative energy.
 k - an uncursed ring of see invisible
 t - a ring of protection from magic (right hand)
 u - the amulet of the Establishment (around neck) {rMut rElec MP+9 Str-2 Slay+3}
   (You found it on level 3 of the Elven Halls)

   [amulet of resist mutation]

   It protects you from mutation.
   It affects your strength (-2).
   It affects your accuracy and damage with ranged weapons and melee attacks
   (+3).
   It insulates you from electricity.
   It affects your magic capacity (+9).
 w - an uncursed ring of sustain attributes
 H - the ring "Tosh" {rPois rN+}
   (You found it on level 6 of the Pits of Slime)

   [ring of positive energy]

   It protects you from poison.
   It protects you from negative energy.
 W - the ring of Satyriasis {-Tele rPois rF+ rC+ Slay+5}
   (You found it on level 3 of the Abyss)

   [ring of protection from cold]

   It affects your accuracy and damage with ranged weapons and melee attacks
   (+5).
   It protects you from fire.
   It protects you from cold.
   It protects you from poison.
   It prevents most forms of teleportation.
Wands
 z - a wand of teleportation (6)
 B - a wand of digging (3)
 O - a wand of heal wounds (8)
Scrolls
 h - 18 scrolls of teleportation
 j - 7 scrolls of fog
 o - 7 scrolls of blinking
 p - a scroll of enchant armour
 s - 4 scrolls of amnesia
 x - 25 scrolls of remove curse
 y - 3 scrolls of identify
 C - 5 scrolls of magic mapping
 E - 11 scrolls of noise
 G - a scroll of brand weapon
 P - 7 scrolls of fear
 Q - a scroll of enchant weapon
 Z - 6 scrolls of recharging
Potions
 g - a potion of might
 i - 3 potions of cancellation
 m - 15 potions of curing
 q - 3 potions of haste
 A - 7 potions of brilliance
 D - 3 potions of heal wounds
 F - 2 potions of agility
 I - 4 potions of berserk rage
 J - 4 potions of magic
 K - 3 potions of invisibility
 M - 8 potions of flight
 R - 4 potions of cure mutation
 Y - 6 potions of resistance
Comestibles
 e - 28 bread rations
 l - 23 meat rations
 L - 2 fruits


   Skills:
 + Level 22.3(21.9) Fighting
 - Level 26.4(26.0) Axes
 - Level 2.0(1.7) Throwing
 + Level 22.0(21.6) Armour
 + Level 20.9(20.5) Dodging
 * Level 16.1(15.7) Invocations


You had 23 spell levels left.
You didn't know any spells.

Dungeon Overview and Level Annotations

Branches:
Dungeon (15/15)            Temple (1/1) D:6            Lair (8/8) D:9
  Swamp (4/4) Lair:6        Snake (4/4) Lair:3        Slime (6/6) Lair:6
    Orc (4/4) D:12            Elf (3/3) Orc:3        Vaults (5/5) D:13
  Crypt (3/3) Vaults:2       Tomb (0/3) Crypt:3      Depths (0/5) D:15

Altars:
Ashenzari
Cheibriados
Dithmenos
Elyvilon
Fedhas
Gozag
Kikubaaqudgha
Makhleb
Okawaru
Qazlal
Ru
Sif Muna
Vehumet
Xom
Yredelemnul
Zin
The Shining One
Beogh
Jiyva

Shops:
D:5 }   Orc:1 !   Orc:3 [[*[(   Orc:4 ?[::=   Snake:4 %   Vaults:3 ([*?

Annotations:
Lair:1 exclusion: 3 oklob plants
Lair:2 exclusion: upstairs
Lair:3 exclusion: oklob plant
Snake:3 Vashnia
Elf:2 5 runed doors


Innate Abilities, Weirdness & Mutations

You reflexively headbutt those who attack you in melee.
You have a pair of horns on your head.
Scrolls take you a little longer to read.
You are somewhat resistant to further mutation.
Your muscles are strong. (Str +2)


Message History

The guardian mummy writhes in agony!
You destroy the guardian mummy!
The Shining One accepts your kill.
You feel extremely nervous for a moment...
You are engulfed in negative energy!
You partially resist.
You feel drained.
The golden flame engulfs the titan.
The titan writhes in agony!
The titan is almost dead.
The golden flame engulfs the fire giant.
The fire giant writhes in agony!
The fire giant is severely wounded.
The golden flame engulfs the stone giant.
The stone giant writhes in agony!
The stone giant is almost dead.
You feel somewhat more hungry.
You feel sick.
The fire giant hits you with a great sword of flaming!
* * * LOW HITPOINT WARNING * * *
The fire giant burns you.
* * * LOW HITPOINT WARNING * * *
The titan hits you!!
You die...

....'.# ....###
#..#.......#. #'###
............. ...#
.#..M....#.. ...#
...2...... ...#
...M...#.. ####
)M..... #.C.# #####
#@C.# ###....
######CC.#####
#...###
#.............#
#[###
#..#########..###.#
#..ยง..........#...#
######.#.######.###
#..=..[....#
############


You could see 2 titans, a fire giant, a stone giant, a reaper, 2 guardian
mummies and a mummy.

Vanquished Creatures
  the royal jelly (Slime:6)
  Khufu (Crypt:3)
  An ancient lich (Crypt:1)
  Mara (Vaults:5)
  2 greater mummies (Crypt:3)
  Frederick (Vaults:5)
  Margery (Vaults:3)
  A golden dragon (Vaults:4)
  5 tentacled monstrosities
  Rupert (Orc:4)
  2 liches (Crypt:1)
  A quicksilver dragon (Vaults:5)
  2 deep elf blademasters
  18 titans
  4 deep elf master archers
  27 acid blobs
  3 thorn hunters
  Gastronok (Orc:1)
  An eldritch tentacle (WizLab)
  Agnes (Snake:3)
  4 sphinxes
  3 ancient champions (Crypt:2)
  3 tentacled starspawn
  2 revenants
  5 shadow dragons (Vaults:5)
  2 tengu reavers (Vaults:5)
  13 azure jellies
  3 storm dragons (Vaults:5)
  6 greater nagas
  Wiglaf (Snake:3)
  9 frost giants
  Donald (Swamp:4)
  20 vault wardens
  Aizul (Snake:1)
  7 deep elf sorcerers
  A curse skull (Crypt:3)
  6 fire giants
  A draconian shifter (WizLab)
  3 very ugly things
  17 ironheart preservers
  4 reapers
  A ghoul (Crypt:1)
  3 war gargoyles (Vaults:5)
  4 vampire knights
  The ghost of youngkai the Severer, a journeyman MiBe of Trog (Lair:7)
  26 stone giants
  Nessos (Orc:4)
  11 deep elf demonologists
  A green draconian (Crypt:1)
  14 deep elf annihilators
  A purple draconian (Crypt:3)
  A mottled draconian (Crypt:1)
  3 ettins
  4 eidola
  33 vault guards
  7 death oozes (Slime:6)
  14 deep elf death magi
  A quicksilver dragon zombie (Crypt:1)
  5 mummy priests (Crypt:3)
  Josephine (Snake:1)
  4 deep elf high priests
  5 great orbs of eyes
  12 yaktaur captains
  5 jiangshi
  2 ice dragons
  Erolcha (Volcano)
  26 hydras
  An anaconda (shapeshifter) (Vaults:5)
  A rakshasa (WizLab)
  22 naga warriors
  A ghost crab (Swamp:2)
  Erica (D:10)
  7 anacondas
  4 dancing weapons
  4 alligators
  4 centaur warriors
  3 death knights
  The ghost of asdu the Cleaver, a journeyman GrBe of Trog (Orc:4)
  7 death yaks (Lair:8)
  9 vampire magi
  The ghost of FUKTRUK the Grappler, a journeyman VSMo (D:11)
  2 tengu warriors
  8 ogre magi
  3 deep troll earth magi
  Urug (Orc:1)
  An orc high priest (Elf:1)
  A storm dragon zombie (Crypt:1)
  17 naga sharpshooters
  6 shock serpents
  Sonja (Orc:4)
  4 hell knights
  A thrashing horror (Abyss:3)
  A queen ant (D:11)
  A wretched star (Abyss:1)
  11 skeletal warriors
  A fire crab (shapeshifter) (Vaults:5)
  2 fire crabs (Vaults:2)
  23 deep elf knights
  4 wizards
  2 shadow wraiths
  2 salamander mystics
  2 giant orange brains
  A deep elf summoner (Elf:2)
  4 unseen horrors
  A death drake (WizLab)
  2 spriggan druids (Swamp:4)
  14 ironbrand convokers
  3 flayed ghosts (Crypt:3)
  23 deep trolls
  An obsidian statue (WizLab)
  A shadow dragon zombie (Crypt:2)
  An anaconda skeleton (WizLab)
  3 shambling mangroves
  11 swamp dragons
  9 naga ritualists
  A lindwurm (Lair:6)
  16 orc knights
  An orb spider (shapeshifter) (Elf:1)
  15 mana vipers
  13 orc sorcerers
  A hornet (shapeshifter) (Vaults:1)
  8 necromancers
  4 griffons
  8 phantasmal warriors
  A wolf spider (Vaults:4)
  12 hill giants
  6 deep elf conjurers
  2 oklob plants (Lair:6)
  A sixfirhy (WizLab)
  12 salamanders
  8 shining eyes
  A worldbinder (WizLab)
  16 ugly things
  3 hornets
  A sphinx skeleton (Crypt:2)
  6 elephants (Lair:4)
  146 slime creatures
  3 cyclopes
  3 human skeletons
  19 vault sentinels
  A stone giant skeleton (Vaults:1)
  6 guardian serpents
  36 black mambas
  2 torpor snails
  2 molten gargoyles (Volcano)
  5 eyes of devastation
  A black mamba (shapeshifter) (Elf:3)
  2 spiny frogs (shapeshifter)
  27 naga magi
  2 smoke demons
  An iron troll zombie (Crypt:1)
  A storm dragon simulacrum (Vaults:1)
  4 kobold demonologists
  11 spiny frogs
  A hellwing (WizLab)
  An efreet (WizLab)
  A demonspawn skeleton (WizLab)
  30 yaktaurs
  9 komodo dragons
  9 deep elf priests
  A hydra zombie (Swamp:1)
  3 yaktaur skeletons
  28 guardian mummies (Crypt:3)
  A merfolk (D:11)
  2 ancient zymes (Abyss:3)
  A tengu conjurer (D:13)
  4 giant leeches
  3 polar bears (Lair:8)
  Prince Ribbit (D:9)
  19 blink frogs
  5 trolls
  A minotaur skeleton (Crypt:1)
  6 ushabtiu (Crypt:3)
  11 bog bodies
  A fire giant simulacrum (Abyss:1)
  A satyr zombie (Crypt:3)
  10 two-headed ogres
  10 freezing wraiths
  A stone giant simulacrum (Vaults:4)
  4 boulder beetles
  A redback (shapeshifter) (Vaults:4)
  16 flying skulls
  A tarantella (shapeshifter) (Vaults:3)
  10 redbacks
  A spriggan (shapeshifter) (Vaults:1)
  An ettin skeleton (Crypt:1)
  A human simulacrum (Vaults:4)
  15 spriggans
  4 starcursed masses (Abyss:1)
  23 deep elf magi
  A fire bat (shapeshifter) (Vaults:4)
  2 fire bats
  A vampire (Abyss:1)
  A ynoxinul (Abyss:1)
  5 shadows
  9 hippogriffs
  15 wraiths
  5 hungry ghosts
  18 humans (D:13)
  3 basilisks
  A steam dragon (D:11)
  A wyvern (D:10)
  A giant leech zombie (Swamp:1)
  4 neqoxecs
  9 golden eyes
  A wind drake zombie (Crypt:3)
  39 yaks
  A human (shapeshifter) (D:13)
  42 vampire mosquitoes
  2 elf skeletons (Vaults:4)
  28 deep elf fighters
  27 swamp worms
  4 mottled dragons
  60 nagas
  7 large abominations
  2 chaos spawn
  2 insubstantial wisps (WizLab)
  4 small abominations
  9 soldier ants (D:11)
  An orb spider zombie (Crypt:2)
  5 wargs
  7 porcupines
  3 spatial vortices
  40 wolves
  12 swamp drakes
  Duvessa (D:7)
  37 orc warriors
  A putrid demonspawn skeleton (Crypt:3)
  An ice beast (D:14)
  An eye of draining (shapeshifter) (Vaults:5)
  2 necrophages
  18 water moccasins
  2 deep troll skeletons
  4 sky beasts
  An ettin simulacrum (Vaults:2)
  A snapping turtle zombie (Crypt:3)
  7 eyes of draining
  17 wasps
  7 black bears
  6 phantoms
  10 boggarts
  37 ogres
  A snapping turtle skeleton (Crypt:1)
  An elephant skeleton (Crypt:3)
  18 centaurs
  An elf simulacrum (Vaults:1)
  4 big kobolds
  14 crocodiles
  A lindwurm skeleton (Crypt:1)
  An earth elemental (WizLab)
  An octopode zombie (Crypt:2)
  20 giant frogs
  5 elf zombies (Elf:1)
  2 brain worms
  A giant frog (shapeshifter) (Vaults:3)
  2 wyvern zombies (D:14)
  A water moccasin zombie (Swamp:1)
  A wyvern skeleton (D:9)
  A spriggan zombie (Crypt:2)
  Dowan (D:7)
  15 killer bees
  A boulder beetle zombie (Vaults:1)
  7 scorpions
  2 electric eels (Lair:3)
  9 wights
  6 crimson imps
  2 human zombies
  3 centaur zombies
  4 hounds
  41 jellies
  21 orc priests
  3 lava snakes (Volcano)
  3 quasits
  3 giant frog zombies
  46 orc wizards
  29 worker ants
  13 iguanas
  2 giant frog skeletons (D:12)
  4 hell rats (Lair:3)
  A killer bee zombie (D:10)
  34 sheep
  A crocodile zombie (Swamp:1)
  A hound zombie (Crypt:2)
  A sky beast zombie (Crypt:3)
  10 mummies
  3 hound skeletons
  A worker ant zombie (D:6)
  11 adders
  101 river rats
  4 shadow imps
  2 adder skeletons
  An adder zombie (D:5)
  A halfling skeleton (Crypt:2)
  A sheep zombie (Crypt:3)
  5 worms
  9 giant geckos
  213 orcs
  18 hobgoblins
  8 jackals
  17 kobolds
  6 quokkas
  A ball python (D:7)
  14 bats
  4 giant cockroaches
  2 giant gecko skeletons (D:5)
  A giant gecko zombie (D:5)
  2 giant newts
  A giant newt skeleton (Crypt:1)
  9 goblins
  A goblin skeleton (D:7)
  4 goblin zombies (Ossuary)
  A hobgoblin zombie (Ossuary)
  2 kobold skeletons
  An orc skeleton (Crypt:1)
  An orc zombie (Ossuary)
  24 rats
  2 briar patches (Swamp:2)
  2 bushes (D:12)
  7 fungi
  A lost soul (Crypt:3)
  11 plants
2608 creatures vanquished.

Vanquished Creatures (others)
  A naga sharpshooter (Snake:4)
  A polar bear (shapeshifter) (Vaults:4)
  A deep elf priest (Elf:3)
  2 vampire mosquitoes
  A deep elf fighter (Elf:2)
  A killer bee (D:12)
  1842 eldritch tentacle segments (WizLab)
  8 fungi
  6 lost souls
  29 plants
  2 starspawn tentacles (WizLab)
1894 creatures vanquished.

Grand Total: 4502 creatures vanquished

Notes
Turn   | Place    | Note
--------------------------------------------------------------
     0 | D:1      | HungrySpirit the Minotaur Gladiator began the quest for the Orb.
     0 | D:1      | Reached XP level 1. HP: 18/18 MP: 0/0
   228 | D:1      | Reached XP level 2. HP: 15/25 MP: 1/1
   369 | D:1      | Reached skill level 4 in Axes
   995 | D:2      | Found a white marble altar of Elyvilon.
  1024 | D:2      | Reached skill level 1 in Armour
  1057 | D:2      | Reached XP level 3. HP: 22/30 MP: 2/2
  1332 | D:2      | Found a stormy altar of Qazlal.
  1699 | D:3      | Found a faded altar to an unknown god.
  2006 | D:3      | Reached skill level 5 in Axes
  2006 | D:3      | Reached XP level 4. HP: 30/38 MP: 3/3
  2123 | D:3      | Reached XP level 5. HP: 14/45 MP: 4/4
  3405 | D:4      | Reached skill level 6 in Axes
  3410 | D:4      | Reached XP level 6. HP: 48/52 MP: 5/5
  3504 | D:4      | Noticed an ogre
  3509 | D:4      | Killed an ogre
  3509 | D:4      | Reached skill level 7 in Axes
  3752 | D:4      | Found a glowing silver altar of Zin.
  3793 | D:4      | Reached XP level 7. HP: 33/58 MP: 6/6
  4075 | D:4      | Reached skill level 8 in Axes
  4370 | D:5      | Entered Level 5 of the Dungeon
  4565 | D:5      | Reached skill level 9 in Axes
  4731 | D:5      | Found a deep blue altar of Sif Muna.
  5058 | D:5      | Found a sand-covered staircase.
  5067 | Ossuary  | Entered an ossuary
  5310 | Ossuary  | Reached skill level 10 in Axes
  5682 | D:5      | Found Vusmalat's Gadget Emporium.
  5691 | D:5      | Reached XP level 8. HP: 40/66 MP: 7/7
  6101 | D:6      | Reached skill level 11 in Axes
  6351 | D:6      | Found a staircase to the Ecumenical Temple.
  6358 | Temple   | Entered the Ecumenical Temple
  6382 | Temple   | Became a worshipper of Warmaster Okawaru
  7445 | D:7      | Noticed Dowan
  7460 | D:7      | Killed Dowan
  7460 | D:7      | Reached skill level 12 in Axes
  7482 | D:7      | Noticed Duvessa
  7482 | D:7      | Gained mutation: Your muscles are strong. (Str +2) [potion of mutation]
  7482 | D:7      | Gained mutation: You are somewhat resistant to further mutation. [potion of mutation]
  7487 | D:7      | Killed Duvessa
  7600 | D:7      | Reached * piety under Okawaru
  7701 | D:7      | Found a sacrificial altar of Ru.
  7701 | D:7      | Found a radiant altar of Vehumet.
  7702 | D:7      | Found an opulent altar of Gozag.
  7741 | D:7      | Reached skill level 5 in Dodging
  7762 | D:7      | Reached XP level 9. HP: 37/72 MP: 8/8
  7860 | D:7      | Found a runed door.
  7865 | D:7      | Found a basalt altar of Yredelemnul.
  8009 | D:7      | Reached skill level 5 in Fighting
  8700 | D:8      | Reached ** piety under Okawaru
  8943 | D:9      | Noticed Prince Ribbit
  8952 | D:9      | Reached skill level 13 in Axes
  8952 | D:9      | Reached skill level 5 in Armour
  9461 | D:9      | Killed Prince Ribbit
  9701 | D:9      | Reached *** piety under Okawaru
  9701 | D:9      | Reached XP level 10. HP: 68/84 MP: 9/9
  9823 | D:9      | Found a shattered altar of Ashenzari.
 10084 | D:9      | Found a staircase to the Lair.
 10118 | D:10     | Entered Level 10 of the Dungeon
 10480 | Lair:1   | Entered Level 1 of the Lair of Beasts
 10915 | Lair:1   | Noticed an oklob plant
 10958 | Lair:1   | Reached skill level 14 in Axes
 11246 | Lair:1   | Noticed an oklob plant
 11248 | Lair:1   | Noticed an oklob plant
 11535 | Lair:2   | Reached **** piety under Okawaru
 12202 | Lair:2   | Received a gift from Okawaru
 12248 | Lair:2   | Noticed a seven-headed hydra
 12796 | Lair:2   | Killed a seven-headed hydra
 12796 | Lair:2   | Reached ***** piety under Okawaru
 12796 | Lair:2   | Reached skill level 15 in Axes
 12796 | Lair:2   | Reached XP level 11. HP: 94/94 MP: 10/10
 13606 | Lair:3   | Found a shimmering altar of Xom.
 14770 | Lair:3   | Found a staircase to the Snake Pit.
 15236 | Lair:3   | Received a gift from Okawaru
 15358 | Lair:3   | Noticed a naga warrior
 15373 | Lair:3   | Killed a naga warrior
 15373 | Lair:3   | Reached skill level 16 in Axes
 16057 | Lair:4   | Received a gift from Okawaru
 16063 | Lair:4   | Got an ancient battleaxe {god gift}
 16250 | Lair:4   | Identified the +7 battleaxe "Lidumado" {flame, Str+5} (Okawaru gifted it to you on level 4 of the Lair of Beasts)
 16293 | Lair:4   | Reached XP level 12. HP: 77/105 MP: 11/11
 16627 | Lair:4   | Reached ****** piety under Okawaru
 16627 | Lair:4   | Reached skill level 10 in Fighting
 16779 | Lair:4   | Reached skill level 10 in Armour
 16800 | Lair:4   | Received a gift from Okawaru
 17227 | Lair:5   | Reached skill level 17 in Axes
 17918 | Lair:6   | Noticed a four-headed hydra
 17921 | Lair:6   | Noticed a seven-headed hydra
 17924 | Lair:6   | Killed a two-headed hydra
 17928 | Lair:6   | Killed a four-headed hydra
 17928 | Lair:6   | Reached skill level 10 in Dodging
 18289 | Lair:6   | Noticed a four-headed hydra
 18297 | Lair:6   | Killed a one-headed hydra
 18297 | Lair:6   | Received a gift from Okawaru
 18396 | Lair:6   | Found a staircase to the Swamp.
 18839 | Lair:7   | Reached XP level 13. HP: 83/116 MP: 12/12
 19192 | Lair:7   | Noticed a five-headed hydra
 19195 | Lair:7   | Noticed youngkai's ghost (journeyman MiBe)
 19199 | Lair:7   | Killed a two-headed hydra
 19493 | Lair:7   | Killed youngkai's ghost
 19493 | Lair:7   | Reached skill level 18 in Axes
 20087 | Lair:8   | Entered Level 8 of the Lair of Beasts
 20467 | Lair:8   | Received a gift from Okawaru
 21320 | Lair:8   | Received a gift from Okawaru
 21748 | Lair:8   | Reached skill level 19 in Axes
 22010 | Lair:8   | Reached XP level 14. HP: 95/126 MP: 13/13
 22300 | D:10     | Noticed a centaur warrior
 22471 | D:9      | Killed a centaur warrior
 22679 | D:10     | Noticed Erica
 22685 | D:10     | Killed Erica
 22764 | D:10     | Noticed a hill giant
 22766 | D:10     | Received a gift from Okawaru
 22769 | D:10     | Killed a hill giant
 22823 | D:11     | Found a white marble altar of Elyvilon.
 23030 | D:11     | Noticed FUKTRUK's ghost (journeyman VSMo)
 23040 | D:11     | Killed FUKTRUK's ghost
 24581 | D:12     | Found a blossoming altar of Fedhas.
 24683 | D:12     | Found a staircase to the Orcish Mines.
 25166 | Orc:1    | Entered Level 1 of the Orcish Mines
 25166 | Orc:1    | Noticed Gastronok
 25174 | Orc:1    | Killed Gastronok
 25174 | Orc:1    | Received a gift from Okawaru
 25176 | Orc:1    | Found a roughly hewn altar of Beogh.
 25257 | Orc:1    | Found Tuwaex's Distillery.
 25310 | Orc:1    | Noticed Urug
 25321 | Orc:1    | Killed Urug
 25321 | Orc:1    | Reached skill level 20 in Axes
 25341 | Orc:1    | Found a dark tunnel.
 25474 | Orc:1    | Bought 2 potions of resistance for 280 gold pieces
 25523 | Volcano  | Entered a volcano
 25753 | Volcano  | Found a bloodstained altar of Trog.
 25753 | Volcano  | Noticed Erolcha
 25764 | Volcano  | Killed Erolcha
 26412 | Orc:3    | Found a staircase to the Elven Halls.
 26428 | Orc:3    | Found Pisch's Antique Armour Boutique.
 26430 | Elf:1    | Entered Level 1 of the Elven Halls
 26467 | Orc:3    | Found Rofeuwn's Assorted Antiques.
 26477 | Orc:3    | Bought an embroidered cloak for 90 gold pieces
 26477 | Orc:3    | Bought a forked ivory wand for 80 gold pieces
 26927 | Orc:3    | Found Symi's Armour Shoppe.
 26947 | Orc:3    | Found a roughly hewn altar of Beogh.
 27023 | Orc:3    | Found Howoill's Antique Armour Shoppe.
 27270 | Orc:4    | Entered Level 4 of the Orcish Mines
 27320 | Orc:4    | Noticed asdu's ghost (journeyman GrBe)
 27333 | Orc:4    | Killed asdu's ghost
 27412 | Orc:3    | Found Weexzuq's Antique Weapon Shoppe.
 27688 | Orc:4    | Found Bopser's Jewellery Boutique.
 27689 | Orc:4    | Noticed Nessos
 27719 | Orc:4    | Killed Nessos
 28094 | Orc:4    | Found a roughly hewn altar of Beogh.
 28106 | Orc:4    | Reached XP level 15. HP: 98/136 MP: 14/14
 28111 | Orc:4    | Noticed Rupert
 28250 | Orc:4    | Killed Rupert
 28613 | Orc:4    | Paralysed by an orc sorcerer for 7 turns
 29134 | Orc:4    | Found Ixishrak's Book Shoppe.
 29162 | Orc:4    | Found a radiant altar of Vehumet.
 29194 | Orc:4    | Found Zifeb's Antique Armour Shoppe.
 29228 | Orc:4    | Bought a pair of shimmering gloves for 209 gold pieces
 29228 | Orc:4    | Bought a runed cloak for 99 gold pieces
 29281 | Orc:4    | Noticed Sonja
 29282 | Orc:4    | Paralysed by an orc sorcerer for 4 turns
 29299 | Orc:4    | Found a roughly hewn altar of Beogh.
 29299 | Orc:4    | Found Liwifoos's Book Emporium.
 29300 | Orc:4    | Found Womany's Magic Scroll Shoppe.
 29304 | Orc:4    | Received a gift from Okawaru
 29308 | Orc:4    | Got a pair of ancient gloves {god gift}
 29359 | Orc:4    | Bought a scroll of teleportation for 33 gold pieces
 29359 | Orc:4    | Bought a scroll of teleportation for 33 gold pieces
 29359 | Orc:4    | Bought a scroll of identify for 22 gold pieces
 29359 | Orc:4    | Bought a scroll of identify for 22 gold pieces
 29359 | Orc:4    | Bought a scroll of blinking for 82 gold pieces
 29359 | Orc:4    | Identified the +0 pair of gloves "Raag" {Str+2} (Okawaru gifted it to you on level 4 of the Orcish Mines)
 29360 | Orc:4    | Identified the cursed +0 pair of gloves of Grottiness {rElec rPois Str-2 Int+4} (You bought it in a shop on level 4 of the Orcish Mines)
 29405 | Orc:4    | Killed Sonja
 29430 | Orc:4    | Found an ancient bone altar of Kikubaaqudgha.
 29538 | Orc:3    | Bought the +6 plate armour of the Great Game {rC+ Stlth+} for 907 gold pieces
 29562 | Orc:3    | Bought a glowing cloak for 121 gold pieces
 29605 | Orc:3    | Bought a runed hat for 136 gold pieces
 29627 | Orc:3    | Bought a scroll of teleportation for 60 gold pieces
 29627 | Orc:3    | Bought a scroll of teleportation for 60 gold pieces
 29627 | Orc:3    | Bought a scroll of identify for 40 gold pieces
 29900 | D:13     | Reached skill level 21 in Axes
 29920 | D:13     | Found a gate to the Vaults.
 29957 | D:13     | Got a pair of fine boots
 29958 | D:13     | Identified the +2 pair of boots "Segesuon" {MR+ MP+9 SInv} (You found it on level 13 of the Dungeon)
 30455 | D:14     | Found a basalt altar of Yredelemnul.
 30909 | D:15     | Entered Level 15 of the Dungeon
 30934 | D:15     | Found a shadowy altar of Dithmenos.
 31263 | D:15     | Found a staircase to the Depths.
 31485 | D:15     | Found a burning altar of Makhleb.
 32021 | D:11     | Received a gift from Okawaru
 32026 | D:11     | Cast into the Abyss (a distortion unwield)
 32179 | Abyss:1  | Reached XP level 16. HP: 119/147 MP: 15/15
 32290 | Abyss:3  | Found a corrupted altar of Lugonu.
 32296 | Abyss:3  | Found a runed door.
 32321 | Abyss:3  | Got a sparkling silver ring
 32343 | Abyss:3  | Identified the ring of Satyriasis {-Tele rPois rF+ rC+ Slay+5} (You found it on level 3 of the Abyss)
 32356 | Abyss:3  | Noticed a tentacled starspawn
 32361 | Abyss:3  | Found a viscous altar of Jiyva.
 32366 | Abyss:3  | Killed a tentacled starspawn
 32384 | Abyss:3  | Noticed a tentacled starspawn
 32395 | Abyss:3  | Gained mutation: Scrolls take you a little longer to read. [a neqoxec]
 32405 | Abyss:3  | Killed a tentacled starspawn
 32453 | D:11     | Escaped the Abyss
 32944 | Swamp:1  | Entered Level 1 of the Swamp
 33049 | Swamp:1  | Reached skill level 22 in Axes
 33660 | Swamp:2  | Reached skill level 15 in Fighting
 33920 | Swamp:2  | Received a gift from Okawaru
 34715 | Swamp:3  | Reached skill level 15 in Armour
 35150 | Swamp:4  | Entered Level 4 of the Swamp
 35203 | Swamp:4  | Noticed Donald
 35237 | Swamp:4  | Killed Donald
 35246 | Swamp:4  | Received a gift from Okawaru
 35691 | Swamp:4  | Reached XP level 17. HP: 135/156 MP: 16/16
 36135 | Swamp:4  | Got a decaying rune of Zot
 36743 | Snake:1  | Entered Level 1 of the Snake Pit
 36774 | Snake:1  | Reached skill level 23 in Axes
 36781 | Snake:1  | Noticed Josephine
 36795 | Snake:1  | Killed Josephine
 37533 | Snake:1  | Noticed Aizul
 37540 | Snake:1  | Killed Aizul
 37649 | Snake:1  | Reached skill level 15 in Dodging
 37760 | Snake:2  | Received a gift from Okawaru
 38118 | Snake:2  | You fall through a shaft!
 38200 | Snake:3  | Received a gift from Okawaru
 38980 | Snake:3  | Noticed Agnes
 38991 | Snake:3  | Killed Agnes
 39407 | Snake:3  | Received a gift from Okawaru
 39648 | Snake:3  | Noticed Wiglaf
 39669 | Snake:3  | Killed Wiglaf
 40184 | Snake:3  | Noticed Vashnia
 40531 | Snake:4  | Entered Level 4 of the Snake Pit
 40555 | Snake:4  | Reached XP level 18. HP: 152/168 MP: 17/17
 40849 | Snake:4  | Received a gift from Okawaru
 41149 | Snake:4  | Found Exzufum's Food Shop.
 41197 | Snake:4  | Reached skill level 24 in Axes
 42645 | Snake:4  | Received a gift from Okawaru
 43416 | Snake:4  | Got a serpentine rune of Zot
 45123 | Elf:2    | Found a huge runed gate.
 45123 | Elf:2    | Found a huge runed gate.
 45123 | Elf:2    | Found a huge runed gate.
 45123 | Elf:2    | Found a huge runed gate.
 45126 | Elf:2    | Found a huge runed gate.
 45261 | Elf:3    | Entered Level 3 of the Elven Halls
 45632 | Elf:3    | Reached XP level 19. HP: 178/178 MP: 18/18
 45634 | Elf:3    | Received a gift from Okawaru
 46253 | Elf:3    | Reached skill level 25 in Axes
 46859 | Elf:3    | Got a scintillating golden ring
 47543 | Elf:3    | Identified the ring "Xeraost" {-Tele +Inv rPois rF+ Int+2} (You took it off a deep elf knight on level 3 of the Elven Halls)
 47604 | Elf:3    | Received a gift from Okawaru
 47614 | Elf:3    | Got a transparent iron amulet
 47617 | Elf:3    | Identified the amulet of the Establishment {rMut rElec MP+9 Str-2 Slay+3} (You found it on level 3 of the Elven Halls)
 48106 | Vaults:1 | Entered Level 1 of the Vaults
 49269 | Vaults:1 | Received a gift from Okawaru
 49611 | Vaults:2 | Received a gift from Okawaru
 49629 | Vaults:2 | Found a staircase to the Crypt.
 49629 | Vaults:2 | Found a basalt altar of Yredelemnul.
 49630 | Vaults:2 | Found an ancient bone altar of Kikubaaqudgha.
 49705 | Vaults:2 | Reached XP level 20. HP: 117/189 MP: 19/19
 49923 | Vaults:2 | Received a gift from Okawaru
 50165 | Vaults:2 | Reached skill level 26 in Axes
 51920 | Vaults:3 | Found Peypt's Magic Scroll Emporium.
 51928 | Vaults:3 | Bought a scroll of identify for 38 gold pieces
 51928 | Vaults:3 | Bought a scroll of identify for 38 gold pieces
 51928 | Vaults:3 | Bought a scroll of teleportation for 57 gold pieces
 51928 | Vaults:3 | Bought a scroll of identify for 38 gold pieces
 51928 | Vaults:3 | Bought a scroll of remove curse for 57 gold pieces
 52104 | Vaults:3 | Found Zumazxou's Armour Boutique.
 52109 | Vaults:3 | Bought a +1 pair of boots of running for 730 gold pieces
 52144 | Vaults:3 | Noticed Margery
 52154 | Vaults:3 | Killed Margery
 52158 | Vaults:3 | Received a gift from Okawaru
 52272 | Vaults:3 | Found Lyvoywan's Weapon Shoppe.
 52336 | Vaults:3 | Reached skill level 1 in Invocations
 53544 | Vaults:3 | Found Nuhin's Assorted Antiques.
 53549 | Vaults:3 | Bought a scroll labeled ZONIZX BAICH for 28 gold pieces
 53549 | Vaults:3 | Bought a peridot ring for 140 gold pieces
 53549 | Vaults:3 | Bought a potion of curing for 84 gold pieces
 53946 | Vaults:4 | Found a magical portal.
 53955 | WizLab   | Entered The Roulette of Golubria
 53957 | WizLab   | Found a corrupted altar of Lugonu.
 53995 | WizLab   | Found a corrupted altar of Lugonu.
 54422 | WizLab   | Got a pitted cloak
 54446 | WizLab   | Got a jewelled cloak
 54455 | WizLab   | Got a polished cloak
 54460 | WizLab   | Identified the +1 cloak of the Hanged Man {*Drain +Blink MR+ Dex+5} (You found it in a wizard's laboratory)
 54462 | WizLab   | Identified the cursed +0 cloak of the Echidna {+Blink Dex+2} (You found it in a wizard's laboratory)
 54464 | WizLab   | Identified the +2 cloak of the Country {rN+ rCorr Dex-4} (You found it in a wizard's laboratory)
 54645 | Vaults:4 | Reached XP level 21. HP: 172/199 MP: 23/23
 54657 | Vaults:4 | Reached skill level 5 in Invocations
 54829 | Vaults:4 | Received a gift from Okawaru
 55398 | Vaults:4 | Received a gift from Okawaru
 56098 | Lair:6   | Found a staircase to the Slime Pits.
 56197 | Slime:1  | Entered Level 1 of the Pits of Slime
 56716 | Slime:5  | Received a gift from Okawaru
 56725 | Slime:5  | Got a jewelled cloak {god gift}
 56728 | Slime:5  | Identified the +1 cloak of the Wild Haggis {rElec Dex+4} (Okawaru gifted it to you on level 5 of the Pits of Slime)
 56992 | Slime:6  | Entered Level 6 of the Pits of Slime
 57097 | Slime:6  | Noticed the royal jelly
 58136 | Slime:6  | Found a viscous altar of Jiyva.
 58435 | Slime:6  | Killed the royal jelly
 58435 | Slime:6  | Reached XP level 22. HP: 167/210 MP: 28/28
 58436 | Slime:6  | Identified a scroll of acquirement
 58714 | Slime:6  | Got an ancient jade ring
 58719 | Slime:6  | Identified the ring "Gyerph" {SustAt MP-9 Dex+4 SInv} (You found it on level 6 of the Pits of Slime)
 58778 | Slime:6  | Got a slimy rune of Zot
 58786 | Slime:6  | Got a coiled copper ring
 58789 | Slime:6  | Identified the ring "Tosh" {rPois rN+} (You found it on level 6 of the Pits of Slime)
 58807 | Slime:6  | Got a pair of pitted gloves
 58824 | Slime:6  | Identified the +5 pair of gloves "Fyob" {rElec} (You acquired it on level 6 of the Pits of Slime)
 58885 | Slime:4  | Reached skill level 10 in Invocations
 58896 | Slime:4  | Received a gift from Okawaru
 59094 | Slime:4  | Got a spiked cloak {god gift}
 59105 | Slime:4  | Identified the +0 cloak of Fortification {rN+} (Okawaru gifted it to you on level 4 of the Pits of Slime)
 60360 | Vaults:5 | Entered Level 5 of the Vaults
 60515 | Vaults:4 | Received a gift from Okawaru
 61601 | Vaults:5 | Received a gift from Okawaru
 61637 | Vaults:5 | Got a silver rune of Zot
 61889 | Vaults:5 | Noticed Mara
 61900 | Vaults:5 | Noticed HungrySpirit's illusion
 61905 | Vaults:5 | Killed Mara
 61954 | Vaults:5 | Reached XP level 23. HP: 202/220 MP: 31/31
 62200 | Vaults:5 | Noticed Frederick
 62219 | Vaults:5 | Killed Frederick
 62239 | Vaults:5 | Received a gift from Okawaru
 63012 | Vaults:5 | Received a gift from Okawaru
 63478 | Vaults:5 | Got a bloodstained cloak
 64656 | Lair:1   | Identified the +2 cloak of the Lair of Beasts {rC+} (You acquired it on level 5 of the Vaults)
 64901 | Elf:3    | Got a pair of crude boots {god gift}
 64904 | Elf:3    | Identified the +0 pair of boots "Nucit" {rN++} (Okawaru gifted it to you on level 3 of the Elven Halls)
 65078 | Orc:4    | Bought a scroll of enchant armour for 82 gold pieces
 65078 | Orc:4    | Bought a scroll of identify for 22 gold pieces
 65078 | Orc:4    | Bought a scroll of remove curse for 33 gold pieces
 65078 | Orc:4    | Bought a scroll of remove curse for 33 gold pieces
 65078 | Orc:4    | Bought a scroll of recharging for 104 gold pieces
 65424 | Temple   | Fell from the grace of Okawaru
 65424 | Temple   | Became a worshipper of the Shining One
 65814 | Crypt:1  | Entered Level 1 of the Crypt
 65913 | Crypt:1  | Reached * piety under the Shining One
 66028 | Crypt:1  | Noticed an ancient lich
 66033 | Crypt:1  | Killed an ancient lich
 66293 | Crypt:1  | Reached ** piety under the Shining One
 66420 | Crypt:1  | Reached *** piety under the Shining One
 66611 | Crypt:1  | Reached XP level 24. HP: 206/231 MP: 33/33
 66930 | Crypt:2  | Reached skill level 15 in Invocations
 67013 | Crypt:2  | Reached **** piety under the Shining One
 67223 | Crypt:2  | Reached ***** piety under the Shining One
 67450 | Crypt:3  | Entered Level 3 of the Crypt
 68153 | Crypt:3  | Reached ****** piety under the Shining One
 68326 | Crypt:3  | Found a staircase to the Tomb.
 68963 | Crypt:3  | Noticed Khufu
 68964 | Crypt:3  | Noticed a greater mummy
 68968 | Crypt:3  | Noticed a greater mummy
 68980 | Crypt:3  | Killed Khufu
 68993 | Crypt:3  | Found a basalt altar of Yredelemnul.
 68995 | Crypt:3  | Noticed a greater mummy
 69528 | Crypt:3  | Killed a greater mummy
 69542 | Crypt:3  | Killed a greater mummy
 69545 | Crypt:3  | HP: 9/232 [fire giant/great sword of flaming[the fury of Okawaru] (11)]
 69545 | Crypt:3  | Demolished by a titan

Action                   |  1- 3 |  4- 6 |  7- 9 | 10-12 | 13-15 | 16-18 | 19-21 | 22-24 || total
-------------------------+-------+-------+-------+-------+-------+-------+-------+-------++-------
Melee: War axe           |    93 |   111 |   340 |   511 |       |       |       |       ||  1055
       Battleaxe         |       |       |       |   189 |  1114 |  1117 |  1121 |    25 ||  3566
       Executioner's axe |       |       |       |       |       |       |       |   954 ||   954
Invok: Heroism           |       |       |       |     3 |    11 |     3 |     1 |       ||    18
       Finesse           |       |       |       |       |     1 |     1 |       |     1 ||     3
       Cleansing Flame   |       |       |       |       |       |       |       |    28 ||    28
Evoke: Wand              |       |       |     3 |     6 |     2 |       |     1 |     4 ||    16
  Use: Scroll            |       |       |    23 |     6 |    16 |    13 |    12 |    25 ||    95
       Potion            |       |       |     8 |     2 |     2 |     3 |     3 |    13 ||    31
 Stab: Distracted        |       |       |     1 |       |       |       |     1 |     1 ||     3
       Petrifying        |       |       |       |       |       |       |     2 |       ||     2
  Eat: Chunk             |     3 |     6 |    15 |    18 |    29 |     7 |     3 |     1 ||    82
       Royal jelly       |       |       |     1 |       |       |     2 |     4 |       ||     7
       Pizza             |       |       |     1 |     1 |       |     6 |       |     1 ||     9
       Fruit             |       |       |       |     6 |    16 |     4 |    14 |     2 ||    42
       Meat ration       |       |       |       |     1 |       |     2 |     3 |     4 ||    10
       Bread ration      |       |       |       |       |     1 |     1 |     1 |     2 ||     5
       Beef jerky        |       |       |       |       |       |     7 |     1 |     2 ||    10
